Map: Galactic Process LE

Players

Fropez - Winner!

  • Race: Protoss Protoss
  • League: Gold
  • Spawn Location: 7:00

CapKlele

  • Race: Protoss Protoss
  • League: Gold
  • Spawn Location: 1:00

VOD

Have the link to the VOD?

Description

Time

  • Played on: Sept. 15, 2016, 4:02 p.m.
  • Length: 11:55
Show
View Real Time Build Order
Export as new Build Order

Fropez Protoss - Winner!

Build Orders: 1 Gate Expand 

Get SALT Encoding   

  12  0:01  Probe (Chrono Boost)  
  13  0:20  Pylon  
  14  0:28  Probe (Chrono Boost)  
  14  0:39  Probe (Chrono Boost), Gateway  
  15  1:01  Probe (Chrono Boost)  
  17  1:11  Probe (Chrono Boost)  
  17  1:21  Nexus  
  17  1:35  Cybernetics Core  
  17  1:38  Probe (Chrono Boost)  
  18  1:43  Pylon  
  18  1:51  Assimilator  
  19  1:54  Probe (Chrono Boost)  
  19  1:56  Assimilator  
  19  2:08  Pylon  
  19  2:17  Pylon  
  19  2:26  Probe (Chrono Boost)  
  21  2:37  Probe (Chrono Boost)  
  21  2:38  Probe (Chrono Boost)  
  22  2:46  Pylon  
  22  2:49  Warp Gate (Chrono Boost)  
  22  2:53  Adept  
  23  2:59  Probe (Chrono Boost), Gateway  
  23  3:01  Gateway  
  23  3:03  Probe (Chrono Boost)  
  25  3:11  Assimilator  
  24  3:14  Assimilator  
  24  3:20  Adept, Probe x2  
  28  3:29  Pylon  
  28  3:39  Robotics Facility  
  29  3:41  Probe x2  
  29  3:47  Adept  
  32  3:52  Adept  
  34  3:57  Probe  
  35  4:02  Probe  
  35  4:09  Mothership Core  
  38  4:14  Adept  
  40  4:20  Adept  
  40  5:20  Warp Prism (Chrono Boost)  
  36  5:31  Probe x2  
  38  5:39  Adept x2  
  38  5:41  Nexus  
  42  5:43  Pylon  
  42  5:45  Pylon, Probe  
  42  5:46  Probe  
  42  5:48  Assimilator  
  44  5:52  Pylon  
  44  5:53  Assimilator  
  44  5:55  Pylon  
  44  5:56  Pylon  
  44  5:57  Probe  
  44  6:02  Pylon  
  45  6:10  Gateway  
  45  6:18  Gateway  
  37  6:39  Gateway  
  37  6:40  Observer (Chrono Boost)  
  37  6:42  Gateway  
  37  6:44  Probe  
  37  6:45  Twilight Council  
  39  6:47  Gateway  
  39  6:48  Pylon, Probe  
  40  7:00  Probe, Immortal (Chrono Boost)  
  45  7:24  Stalker x2  
  45  7:25  Stalker  
  41  7:50  Adept x5  
  51  8:20  Probe  
  48  8:30  Stalker x2  
  48  8:31  Probe  
  53  8:41  Probe  
  54  8:52  Probe, Stalker x3  
  57  9:03  Probe (Chrono Boost)  
  57  9:04  Mothership Core (Chrono Boost)  
  51  9:24  Probe x2 (Chrono Boost)  
  51  9:30  Dark Shrine  
  51  9:34  Probe (Chrono Boost)  
  50  9:38  Probe (Chrono Boost)  
  50  9:45  Probe (Chrono Boost)  
  52  9:49  Forge  
  48  10:06  Probe (Chrono Boost)  
  50  10:07  Probe (Chrono Boost)  
  50  10:15  Pylon  
  48  10:22  Stalker x4  
  52  10:39  Pylon  
  50  10:47  Dark Templar x4  
  46  11:05  Stalker  
  46  11:24  Stalker  
  47  11:41  Nexus  
  47  11:49  Dark Templar x2  
Show
View Real Time Build Order
Export as new Build Order

CapKlele Protoss 

Build Orders:  

Get SALT Encoding   

  12  0:03  Probe (Chrono Boost)  
  13  0:13  Probe (Chrono Boost)  
  14  0:24  Probe (Chrono Boost)  
  15  0:35  Pylon  
  15  0:45  Pylon  
  15  0:53  Probe (Chrono Boost)  
  16  0:59  Gateway  
  16  1:03  Probe (Chrono Boost)  
  17  1:14  Probe (Chrono Boost)  
  18  1:24  Probe (Chrono Boost), Gateway  
  19  1:35  Probe (Chrono Boost)  
  20  1:45  Probe (Chrono Boost)  
  21  1:49  Nexus  
  21  1:53  Zealot  
  23  1:57  Probe (Chrono Boost)  
  24  2:08  Probe (Chrono Boost)  
  25  2:14  Zealot  
  27  2:24  Cybernetics Core  
  27  2:28  Zealot  
  29  2:58  Assimilator  
  29  3:05  Assimilator  
  29  3:06  Probe (Chrono Boost)  
  29  3:08  Zealot x2  
  34  3:16  Probe x2 (Chrono Boost)  
  36  3:27  Probe x2 (Chrono Boost)  
  38  3:35  Zealot  
  38  3:37  Probe x2 (Chrono Boost)  
  42  3:43  Zealot  
  42  3:48  Probe x2 (Chrono Boost)  
  46  3:50  Pylon  
  46  3:53  Pylon  
  46  4:03  Pylon  
  46  4:08  Stalker  
  46  4:09  Probe (Chrono Boost)  
  49  4:19  Probe (Chrono Boost)  
  49  4:22  Stalker  
  52  4:30  Probe (Chrono Boost)  
  53  4:34  Stargate  
  50  4:38  Stalker  
  50  4:40  Probe (Chrono Boost)  
  49  4:47  Probe (Chrono Boost)  
  49  4:51  Probe (Chrono Boost)  
  48  4:57  Probe (Chrono Boost)  
  46  5:01  Probe (Chrono Boost)  
  46  5:02  Stalker  
  45  5:08  Probe (Chrono Boost), Stalker  
  45  5:12  Probe (Chrono Boost)  
  49  5:18  Probe (Chrono Boost)  
  48  5:22  Probe (Chrono Boost)  
  48  5:29  Void Ray, Probe (Chrono Boost)  
  48  5:33  Probe (Chrono Boost)  
  54  5:39  Probe (Chrono Boost)  
  55  5:43  Probe (Chrono Boost)  
  55  5:44  Stalker  
  55  5:45  Assimilator, Stalker  
  60  5:50  Probe (Chrono Boost)  
  60  5:54  Probe (Chrono Boost)  
  62  5:57  Assimilator  
  62  6:05  Probe (Chrono Boost)  
  63  6:14  Stalker  
  63  6:15  Probe (Chrono Boost)  
  63  6:17  Stargate  
  64  6:45  Probe (Chrono Boost)  
  65  6:53  Stalker x2  
  69  6:56  Probe (Chrono Boost)  
  69  7:00  Stargate  
  70  7:04  Pylon  
  70  7:08  Pylon  
  70  7:22  Void Ray, Probe (Chrono Boost)  
  65  7:33  Probe (Chrono Boost)  
  66  7:37  Void Ray  
  66  7:39  Stalker  
  66  7:40  Stalker  
  68  8:09  Stalker  
  49  8:34  Probe (Chrono Boost)  
  49  8:39  Probe (Chrono Boost)  
  48  8:45  Probe (Chrono Boost)  
  45  8:50  Probe (Chrono Boost)  
  47  8:55  Probe (Chrono Boost)  
  47  9:00  Probe (Chrono Boost)  
  44  9:06  Probe (Chrono Boost)  
  44  9:09  Void Ray x2  
  40  9:11  Probe (Chrono Boost)  
  40  9:14  Stalker  
  34  9:57  Stalker  
  37  10:00  Probe (Chrono Boost)  
  37  10:10  Probe (Chrono Boost)  
  32  10:33  Probe (Chrono Boost)  
  31  10:43  Probe (Chrono Boost)  
  24  10:54  Probe x2 (Chrono Boost)  
  22  11:04  Probe (Chrono Boost)  
  22  11:05  Probe (Chrono Boost)  
  24  11:15  Probe (Chrono Boost)  
Tags
 
League
GoldGold
Matchup
PvP
Replay Pack
All Mines
Spawn Locations
Cross Positions
Add a new tag
Caveats
  • Supply blocks, unpowered buildings, or Contaminate may cause inaccurate times.
  • Supply counts are checked every 10 seconds.